 Dungeon Crawl Stone Soup version 0.19-a0-1468-ge013c26 (webtiles) character file.

13086 epen the Martial Artist (level 12, -3/73 HPs)
             Began as a Tengu Monk on Sept 7, 2016.
             Was an Elder of Cheibriados.
             Slain by a spiny frog (21 damage)
             ... on level 2 of the Lair of Beasts.
             The game lasted 00:18:35 (10790 turns).

epen the Martial Artist (Tengu Monk)               Turns: 10790, Time: 00:18:37

Health: -3/73      AC:  8    Str: 23    XL:     12   Next: 2%
Magic:  22/22      EV: 21    Int: 20    God:    Cheibriados [****..]
Gold:   838        SH:  0    Dex: 30    Spells: 2 memorised, 17 levels left

rFire  . . .     SeeInvis .       - Unarmed
rCold  . . .     Gourm    .     v - troll hide {Purgy}
rNeg   . . .     Faith    .     (no shield)
rPois  .         Spirit   .     (helmet restricted)
rElec  .         Dismiss  .     d - +2 cloak
rCorr  .         Reflect  .     g - +0 pair of gloves
MR     .....     Harm     .     (boots unavailable)
Stlth  +++....... Clarity  +    (no amulet)
                                (no ring)
                                p - ring of wizardry

@: lethally poisoned (-3 -> -8), very slightly contaminated, invisible, very
slow
A: beak, talons 3, iridescent scales 1, clarity, strong 1, able to fly 1
a: Fly, Bend Time, Temporal Distortion, Slouch, Renounce Religion


You were on level 2 of the Lair of Beasts.
You worshipped Cheibriados.
Cheibriados was greatly pleased with you.
You were not hungry.

You visited 3 branches of the dungeon, and saw 13 of its levels.
You also visited: Sewer.

You collected 877 gold pieces.
You spent 39 gold pieces at shops.

Inventory:

Hand Weapons
 n - the +3 short sword "Vevaak" {drain, rC+ Dex+6}
   (You found it on level 4 of the Dungeon)

   A truly terrible weapon, it drains the life of those it strikes.
   It affects your dexterity (+6).
   It protects you from cold.
Missiles
 y - 2 throwing nets (quivered)
Armour
 a - a +1 robe
 d - a +2 cloak (worn)
 g - a +0 pair of gloves (worn)
 v - a troll hide (worn) {Purgy}
Jewellery
 p - a ring of wizardry (left hand)
 F - an uncursed ring of see invisible
 G - an uncursed ring of wizardry
 K - an uncursed ring of wizardry
Wands
 m - a wand of paralysis (3/24)
 C - a wand of iceblast (15/15)
 I - a wand of iceblast (10/15)
 M - a wand of digging (9/24)
 O - a wand of random effects (21/48)
Scrolls
 h - 3 scrolls of remove curse
 s - 5 scrolls of teleportation
 w - 2 scrolls of enchant armour
 E - 3 scrolls of fog
 L - a scroll of magic mapping
 P - a scroll of recharging
Potions
 e - 2 potions of magic
 f - 7 potions of flight
 j - 2 potions of might
 k - a potion of agility
 l - a potion of lignification
 o - a potion of berserk rage
 q - a potion of haste
 r - a potion of heal wounds {unknown}
 z - a potion of resistance {unknown}
 B - a potion of ambrosia {unknown}
 D - 2 potions of brilliance
 N - 2 potions of curing
Books
 t - a book of Transfigurations

   Spells                             Type                      Level
   a - Irradiate                      Conjuration/Transmutation    5
   b - Statue Form                    Transmutation/Earth          6
   c - Hydra Form                     Transmutation                6
   d - Dragon Form                    Transmutation                7
 J - a book of Cantrips

   Spells                             Type                      Level
   a - Confusing Touch                Hexes                        1
   b - Animate Skeleton               Necromancy                   1
   c - Summon Small Mammal            Summoning                    1
   d - Apportation                    Translocation                1
Miscellaneous
 A - a sack of spiders
Comestibles
 b - 9 bread rations
 c - 8 meat rations
 i - 16 fruits
 u - a royal jelly


   Skills:
 + Level 7.9 Fighting
 + Level 8.9 Dodging
 - Level 2.0 Stealth
 + Level 10.8 Unarmed Combat
 + Level 6.6 Spellcasting
 * Level 4.9 Transmutations
 * Level 4.6 Earth Magic
 * Level 5.0 Invocations


You had 17 spell levels left.
You knew the following spells:

 Your Spells              Type           Power        Failure   Level  Hunger
a - Statue Form           Tmut/Erth      ####.....    93%         6    ######.
b - Apportation           Tloc           #.........   4%          1    None


Dungeon Overview and Level Annotations

Branches:
Dungeon (10/15)            Temple (1/1) D:4            Lair (2/6) D:9
 Shoals (0/4) Lair:2          Orc (0/2) D:10
  Snake: Lair:2-4    Spider: Lair:2-4

Altars:
Ashenzari
Cheibriados
Dithmenos
Elyvilon
Fedhas
Gozag
Hepliaklqana
Kikubaaqudgha
Makhleb
Nemelex Xobeh
Okawaru
Qazlal
Ru
Sif Muna
Trog
Uskayaw
Vehumet
Xom
Yredelemnul
Zin
The Shining One

Shops:
D:5 %   D:6 *

Portals:
Trove: D:10 (give 5 potions of cure mutation)


Innate Abilities, Weirdness & Mutations

You have a beak for a mouth.
You have claws for feet.
You can fly.
You are partially covered in iridescent scales. (AC +2)
You possess an exceptional clarity of mind.
Your muscles are strong. (Str +2)


Message History

A spiny frog comes into view.
Unknown command.
You fade into invisibility!
You feel sick. The spiny frog misses you.
You are very lightly contaminated with residual magic.
The spiny frog gives a loud, deep croak!
You punch the spiny frog!
You claw the spiny frog, but do no damage.
You peck the spiny frog.
The spiny frog is moderately wounded.
You feel sick.
You feel sick. The spiny frog barely misses you.
The spiny frog closely misses you.
The spiny frog gives a loud, deep croak!
You punch the spiny frog!
You claw the spiny frog, but do no damage.
You peck the spiny frog, but do no damage.
The spiny frog is moderately wounded.
You feel sick. The spiny frog stings you!!
You die...

.#..........)..#..rP♣♣ ♣..
....)#...............♣♣♣♣P.P
.....P.....#......†.♣PP♣PPP.
..............#.......♣.PPP.
.#..........................
PPP......(.#..P.........(...
.P....#.†.##........#..#....
..............r#...P#.......
...........@................
....(.....F.....(........[..
...........F...........P....
...........#..P######..#....
.........###### #........
##P.#...# ##..##P.# ...#...
#....... .... #.......
##.......


You could see 2 spiny frogs and a river rat (wandering).

Vanquished Creatures
  3 black mambas
  2 komodo dragons
  A troll (D:7)
  A two-headed ogre (D:7)
  Prince Ribbit (D:5)
  A wyvern (Lair:2)
  A hungry ghost (D:9)
  24 yaks
  A basilisk (Lair:2)
  3 hippogriffs
  5 swamp worms (Lair:1)
  2 soldier ants (D:10)
  A water moccasin (Lair:1)
  2 hell hounds (D:9)
  5 porcupines
  Purgy (Sewer)
  2 black bears
  An ice beast (D:8)
  6 orc warriors
  3 sky beasts
  A wasp (D:9)
  A necrophage (D:7)
  2 phantoms
  2 wolves (Lair:2)
  4 ogres
  2 crocodiles (Lair:2)
  3 centaurs
  6 big kobolds (D:5)
  6 giant frogs
  A water moccasin zombie (D:9)
  A scorpion (D:6)
  4 killer bees (Lair:2)
  3 howler monkeys (D:8)
  5 crimson imps
  4 hounds
  A jelly (D:7)
  A giant frog skeleton (D:4)
  4 orc priests
  6 orc wizards
  2 centaur skeletons (D:8)
  3 iguanas
  3 worker ants
  2 hound skeletons
  9 gnolls (D:5)
  19 adders
  23 river rats
  2 shadow imps
  An ooze (D:2)
  An adder skeleton (D:7)
  17 worms
  A dart slug (D:2)
  4 giant geckos
  28 orcs
  4 ball pythons
  10 giant cockroaches
  7 goblins
  9 hobgoblins
  5 jackals
  7 quokkas
  6 bats
  8 giant newts
  A jackal skeleton (D:5)
  46 kobolds
  12 rats
  2 plants (Lair:1)
355 creatures vanquished.

Vanquished Creatures (others)
  An orc wizard (D:8)
  2 bushes (Lair:2)
  3 fungi (Lair:2)
  19 plants (Lair:2)
25 creatures vanquished.

Grand Total: 380 creatures vanquished

Notes
Turn   | Place    | Note
-------+----------+-------------------------------------------
     0 | D:1      | epen the Tengu Monk began the quest for the Orb.
     0 | D:1      | Reached XP level 1. HP: 14/14 MP: 2/2
   176 | D:1      | Reached XP level 2. HP: 17/19 MP: 3/3
   388 | D:1      | Reached skill level 4 in Unarmed Combat
   661 | D:2      | Reached XP level 3. HP: 18/23 MP: 4/4
   809 | D:2      | Reached skill level 1 in Spellcasting
   894 | D:2      | Reached XP level 4. HP: 23/28 MP: 6/6
  1393 | D:2      | Found a sacrificial altar of Ru.
  1779 | D:3      | Found a faded altar of an unknown god.
  2054 | D:3      | Gained mutation: You can fly. [Tengu growth]
  2054 | D:3      | Reached XP level 5. HP: 32/32 MP: 8/8
  2087 | D:3      | Found a glowing silver altar of Zin.
  2119 | D:3      | Noticed a centaur
  2135 | D:3      | Killed a centaur
  2135 | D:3      | Reached skill level 5 in Unarmed Combat
  2487 | D:3      | Reached XP level 6. HP: 18/38 MP: 10/10
  2790 | D:3      | Found a blossoming altar of Fedhas.
  2960 | D:4      | Found an iron altar of Okawaru.
  2976 | D:4      | Found a basalt altar of Yredelemnul.
  3040 | D:4      | Noticed a phantom
  3095 | D:4      | Killed a phantom
  3095 | D:4      | Reached skill level 6 in Unarmed Combat
  3095 | D:4      | Reached XP level 7. HP: 26/43 MP: 11/11
  3282 | D:4      | Got a slimy short sword
  3283 | D:4      | Identified the +3 short sword "Vevaak" {drain, rC+ Dex+6} (You found it on level 4 of the Dungeon)
  3300 | D:4      | Found a staircase to the Ecumenical Temple.
  3315 | Temple   | Entered the Ecumenical Temple
  3376 | Temple   | Became a worshipper of Cheibriados the Contemplative
  3376 | Temple   | Reached * piety under Cheibriados
  3376 | Temple   | Reached ** piety under Cheibriados
  3621 | D:5      | Entered Level 5 of the Dungeon
  3861 | D:5      | Reached skill level 5 in Dodging
  3869 | D:5      | Found a glowing drain.
  3881 | Sewer    | Entered a sewer
  3963 | Sewer    | Noticed Purgy
  3974 | Sewer    | Killed Purgy
  4129 | D:5      | Found Berch's Food Shoppe.
  4156 | D:5      | Found a sparkling altar of Nemelex Xobeh.
  4483 | D:5      | Reached skill level 7 in Unarmed Combat
  4483 | D:5      | Reached XP level 8. HP: 40/48 MP: 13/13
  4768 | D:5      | Reached *** piety under Cheibriados
  4787 | D:5      | Reached skill level 5 in Fighting
  4893 | D:5      | Noticed Prince Ribbit
  4915 | D:5      | Killed Prince Ribbit
  4915 | D:5      | Reached **** piety under Cheibriados
  4915 | D:5      | Reached skill level 8 in Unarmed Combat
  5159 | D:5      | Reached XP level 9. HP: 55/55 MP: 16/16
  5311 | D:6      | Found Pyisogil's General Store.
  5321 | D:6      | Bought a scroll of teleportation for 39 gold pieces
  5477 | D:6      | Gained mutation: Your muscles are strong. (Str +2) [mutagenic meat]
  5480 | D:6      | Gained mutation: You possess an exceptional clarity of mind. [mutagenic meat]
  5483 | D:6      | Gained mutation: You are partially covered in iridescent scales. (AC +2) [mutagenic meat]
  5551 | D:6      | Found a stormy altar of Qazlal.
  5551 | D:6      | Found a hide-covered altar of Uskayaw.
  5847 | D:7      | Noticed a two-headed ogre
  5855 | D:7      | Killed a two-headed ogre
  5855 | D:7      | Reached skill level 9 in Unarmed Combat
  5901 | D:7      | Noticed a troll
  5909 | D:7      | Killed a troll
  6259 | D:7      | Reached ***** piety under Cheibriados
  6490 | D:8      | Learned a level 6 spell: Statue Form
  6520 | D:8      | Reached skill level 5 in Spellcasting
  6521 | D:8      | Reached skill level 1 in Transmutations
  6526 | D:8      | Reached skill level 1 in Earth Magic
  6665 | D:8      | Found a shadowy altar of Dithmenos.
  6666 | D:8      | Found a blossoming altar of Fedhas.
  6748 | D:8      | Reached XP level 10. HP: 60/60 MP: 18/18
  7184 | D:8      | Reached skill level 10 in Unarmed Combat
  7356 | D:9      | Found a blossoming altar of Fedhas.
  7458 | D:9      | Reached skill level 1 in Invocations
  7458 | D:9      | HP: 2/60 [yak (16)]
  7749 | D:9      | Found a staircase to the Lair.
  8019 | D:9      | Found a burning altar of Makhleb.
  8022 | D:9      | Found a glowing golden altar of the Shining One.
  8025 | D:9      | Found a shimmering altar of Xom.
  8202 | D:10     | Entered Level 10 of the Dungeon
  8316 | D:10     | Learned a level 1 spell: Apportation
  8603 | D:10     | Reached XP level 11. HP: 28/67 MP: 16/20
  8737 | D:10     | Found a staircase to the Orcish Mines.
  8769 | D:10     | Found a portal to a secret trove of treasure.
  9067 | Lair:1   | Entered Level 1 of the Lair of Beasts
 10390 | Lair:2   | Found a staircase to the Shoals.
 10751 | Lair:2   | Reached XP level 12. HP: 56/73 MP: 22/22
 10781 | Lair:2   | Reached skill level 5 in Invocations
 10790 | Lair:2   | Slain by a spiny frog

Vault maps used:
D:1:      minmay_arrival_up_and_down
D:2:      kennysheep_six_static_rooms, nicolae_ru_sacrificial_ziggurat
D:3:      zin_academy, ecumenical_altar_1, first_bread, fedhas_altar_4
D:4:      lemuel_doored_altar, nicolae_overflow_hidden_temple
D:5:      minmay_goblin_kobold_castle, nemelex_xobeh_ov_fountains_minmay,
          serial_shops, shop, portal_sewer_entry_e, hangedman_decor_peaks_small,
          uniq_prince_ribbit1
D:6:      gammafunk_temple_overflow_elements, serial_shops, nicolae_shop_crystal
D:7:      hex_tiny
D:8:      gammafunk_temple_overflow_statue
D:9:      grunt_temple_overflow_diamond, minmay_lair_entry_lava, basic_altar
D:10:     orc_0_dummy, enter_trove_2
Temple:   dpeg_three_leaves_temple
Lair:1:   worms_lemuel
Lair:2:   regret_index_wax_grids, elwin_shoals_entry_rocks, serial_forest,
          infiniplex_forest_lined_ring, infiniplex_forest_straight_3,
          infiniplex_forest_clump_large, infiniplex_forest_end_2,
          infiniplex_forest_straight_2, infiniplex_forest_clump_small,
          infiniplex_staircase_pool
Sewer:    sewer_co_purgy_island

Skill      XL: |  1  2  3  4  5  6  7  8  9 10 11 12 |
---------------+-------------------------------------+-----
Unarmed Combat | 4 5 6 7 8 9 10 | 10.8
Spellcasting   | 1 2 3 4 5 6 |  6.6
Dodging        | 4 5 6 7 8 |  8.9
Fighting       | 4 5 6 7 |  7.9
Transmutations | 1 3 4 |  4.9
Earth Magic    | 1 3 4 |  4.6
Invocations    | 3 4 5 |  5.0
Stealth        | |  2.0

Action                   |  1- 3 |  4- 6 |  7- 9 | 10-12 || total
-------------------------+-------+-------+-------+-------++-------
Melee: Unarmed           |    84 |   195 |       |   265 ||   544
       Kick              |    18 |    47 |   165 |   245 ||   475
       Peck              |    12 |    40 |   105 |   159 ||   316
       Punch             |     1 |     4 |    17 |    38 ||    60
       Short sword       |       |       |   340 |   176 ||   516
Invok: Slouch            |       |       |       |    10 ||    10
 Abil: Fly               |       |       |       |     1 ||     1
  Use: Scroll            |       |    10 |     5 |    10 ||    25
       Potion            |       |     1 |       |     3 ||     4
 Stab: Sleeping          |     5 |     2 |     7 |     8 ||    22
       Distracted        |       |       |     2 |     4 ||     6
  Eat: Chunk             |       |     7 |    10 |    10 ||    27
       Pizza             |       |       |       |     1 ||     1
Armor: Robe              |    16 |    45 |    42 |       ||   103
       Troll hide        |       |       |    53 |    65 ||   118
Dodge: Dodged            |    44 |   161 |   383 |   379 ||   967
